Unix NetHack Version 3.7.0-97 Work-in-progress - last build Feb 8 2024 15:05:57 (6d6cdf8371b60126770a3d7b88910941cb14a054,branch:master). Game began 2024-02-15 11:51:07, ended 2024-02-15 12:18:12. elenmirie, neutral female gnomish Archeologist -------- ------ |....[.-# ---------- ----------- ------------ |....| |......|##) |.........####|.........-########-..........|####.....| |......| #### |........| ##..........| #|..........-# |.>..| |r.....| # |........| ##|.{.......+ ##|..........|# --.--- |@.....| ###|........|###0-------.---## #--------.---## # -.------ #-........|# #############0 ## # # # ### |.........# ## # # #### # ## # ---------- # # #### # # # # #-.-|--- # * -------# #|.....| ------|--- ## +.....-# #......| |..*(....| ### |.....| |.....| |)?*(.*.!| --|-- ##|.....-### |.....| |?[[(..%)| |.<.| ##-.....| |.....| |![[??%)*| |....##%## ------- ------- |)+*..?!*| |...| ---------- ----- Elenmirie the Field Worker St:12 Dx:10 Co:15 In:18 Wi:13 Ch:7 Neutral Dlvl:2 $:380 HP:0(21) Pw:15(15) AC:9 Xp:3/44 T:837 Latest messages: What do you want to rub on the stone? [$j or ?*] j j - a worthless piece of white glass (unpaid, 8 zorkmids). Coco eats an egg. What do you want to drop? [$a-dgi-ktw or ?*] j You drop a worthless piece of white glass (unpaid, 8 zorkmids). Coco bites the newt. The newt is killed! You see here a drum (for sale, 38 zorkmids). You see here a magic marker (for sale, 75 zorkmids). You see here a scroll labeled HACKEM MUCHE (for sale, 30 zorkmids). Coco picks up a drum. You see here a scroll labeled HACKEM MUCHE (for sale, 30 zorkmids). (For instructions type a '?') Call a scroll labeled HACKEM MUCHE: ID You see here a magic marker (for sale, 75 zorkmids). "For you, most gracious lady; only 75 zorkmids for this magic marker." l - a magic marker (unpaid, 75 zorkmids). You see here a scroll called 100 dua (for sale, 150 zorkmids). You see here a spear (for sale, 5 zorkmids). What do you want to drop? [$a-dgikltw or ?*] l You drop a magic marker (unpaid, 75 zorkmids). What do you want to drop? [$a-dgiktw or ?*] k You drop a wooden ring. Akranes offers 75 gold pieces for your wooden ring. Sell it? [ynaq] (n) n k - a wooden ring. What do you want to call? [k or ?*] k Call a wooden ring: 152 woo What do you want to drop? [$a-dgiktw or ?*] i You drop a garnet stone. Akranes offers 350 gold pieces for your garnet stone. Sell it? [ynaq] (n) y You sold a garnet stone for 350 gold pieces. You see here a garnet stone (for sale, 1050 zorkmids). You see here a spear (for sale, 5 zorkmids). You kill the fox! Coco drops a drum. You find a small mimic. The small mimic hits! The small mimic hits! Coco picks up an aluminum wand. The giant rat bites! You miss the giant rat. The giant rat bites! You miss the giant rat. The giant rat bites! You die... Do you want your possessions identified? [ynq] (y) y Do you want to see your attributes? [ynq] (y) y Do you want an account of creatures vanquished? [ynaq] (y) y Do you want to see your conduct and achievements? [ynq] (y) y Do you want to see the dungeon overview? [ynq] (y) y Inventory: Coins $ - 380 gold pieces Weapons a - an uncursed +2 bullwhip (weapon in right hand) Armor c - an uncursed +0 fedora (being worn) b - an uncursed +0 leather jacket (being worn) Comestibles d - 4 uncursed food rations Rings k - a cursed ring of aggravate monster Tools w - an uncursed sack containing 2 items t - an uncursed tinning kit (0:32) Gems/Stones g - an uncursed touchstone Contents of the sack: an uncursed scroll of identify an uncursed +0 pick-axe Elenmirie the Archeologist's attributes: Background: You were a Field Worker, a level 3 female gnomish Archeologist. You were neutral, on a mission for Camaxtli who was opposed by Quetzalcoatl (lawful) and Huhetotl (chaotic). You were right-handed. You were in the Dungeons of Doom, on level 2. You entered the dungeon 837 turns ago. You had 44 experience points, 36 more were needed to attain level 4. Basics: You had 0 out of 21 hit points. You had all 15 energy points (spell power). Your armor class was 9. Your wallet contained 380 zorkmids. Autopickup was on for '$' plus thrown. Final Characteristics: Your strength was 12 (limit:18/50). Your dexterity was 10 (limit:18). Your constitution was 15 (limit:18). Your intelligence was 18 (limit:19). Your wisdom was 13 (limit:18). Your charisma was 7 (limit:18). Final Status: You weren't hungry. You were unencumbered. You were wielding a whip. You had basic skill with whip. Final Attributes: You were fervently aligned. You had automatic searching. You had infravision. You are dead. Miscellaneous: You never encountered a bones level. Total elapsed playing time was 26 minutes and 16 seconds. Major events: Turn 1: elenmirie the neutral female gnomish Archeologist entered the dungeon 751: attained the rank of Field Worker (level 3) 837: killed by a giant rat Vanquished creatures: 2 hobbits 2 giant rats a green mold a gnome zombie 4 jackals a fox a kobold 2 goblins a sewer rat a grid bug a bat a lichen a kobold zombie 3 newts 22 creatures vanquished. No species were genocided or became extinct. Voluntary challenges: You were an atheist. You were illiterate. You never engraved Elbereth. You never genocided any monsters. You never polymorphed an object. You never changed form. You used no wishes. Achievements: You attained the rank of Field Worker. You entered a shop. The Dungeons of Doom: levels 1 to 2 Level 1: Many fountains. Level 2: <- You were here. A fountain. Final resting place for you, killed by a giant rat. Game over: ---------- / \ / REST \ / IN \ / PEACE \ / \ | elenmirie | | 380 Au | | killed by a | | giant rat | | | | | | 2024 | *| * * * | * _________)/\\_//(\/(/\)/\//\/|_)_______ Goodbye elenmirie the Archeologist... You died in The Dungeons of Doom on dungeon level 2 with 568 points, and 380 pieces of gold, after 837 moves. You were level 3 with a maximum of 21 hit points when you died.